Map: [ESL] Data-C

Players

ShoWTimE - Winner!

  • Race: Protoss Protoss
  • League: Master
  • Spawn Location: 3:00

Lambo

  • Race: Zerg Zerg
  • League: Grandmaster
  • Spawn Location: 9:00

Event: TSL 9

VOD

Have the link to the VOD?

Description

Time

  • Played on: Sept. 3, 2022, 8:35 a.m.
  • Length: 16:21

All games in this series

Show
View Real Time Build Order
Export as new Build Order

ShoWTimE Protoss - Winner!

Build Orders: 1 Gate Expand, Oracle Opening 

Get SALT Encoding   

  12  0:00  Probe  
  13  0:12  Probe  
  14  0:18  Pylon  
  14  0:24  Probe (Chrono Boost)  
  15  0:37  Probe (Chrono Boost)  
  15  0:39  Gateway  
  16  0:45  Probe (Chrono Boost)  
  16  0:46  Assimilator  
  17  0:51  Probe  
  18  1:03  Probe  
  19  1:15  Probe  
  20  1:24  Nexus  
  20  1:27  Probe  
  21  1:39  Cybernetics Core  
  21  1:44  Assimilator  
  21  1:46  Probe  
  22  1:52  Pylon  
  22  1:58  Probe  
  23  2:10  Probe (Chrono Boost)  
  23  2:15  Adept  
  26  2:16  Stargate  
  26  2:21  Probe (Chrono Boost)  
  27  2:23  Warp Gate  
  27  2:26  Probe (Chrono Boost)  
  28  2:35  Probe (Chrono Boost)  
  29  2:43  Probe (Chrono Boost)  
  31  2:45  Probe (Chrono Boost), Stalker  
  31  2:49  Probe (Chrono Boost)  
  31  2:50  Probe (Chrono Boost)  
  35  2:58  Oracle (Chrono Boost)  
  40  3:06  Pylon  
  40  3:12  Shield Battery  
  36  3:15  Adept  
  31  3:32  Oracle (Chrono Boost)  
  23  4:14  Adept  
  23  4:25  Pylon  
  23  4:32  Probe x2  
  25  4:44  Probe (Chrono Boost)  
  27  4:54  Pylon  
  26  5:00  Shield Battery  
  26  5:03  Probe  
  27  5:09  Probe  
  28  5:15  Probe  
  28  5:21  Probe  
  30  5:27  Probe  
  31  5:33  Probe  
  32  5:39  Gateway  
  32  5:40  Probe (Chrono Boost)  
  33  5:45  Probe (Chrono Boost)  
  34  5:52  Probe (Chrono Boost)  
  34  5:55  Probe (Chrono Boost)  
  36  5:58  Probe (Chrono Boost)  
  36  6:00  Probe (Chrono Boost)  
  38  6:06  Probe (Chrono Boost)  
  38  6:09  Oracle (Chrono Boost)  
  42  6:15  Probe (Chrono Boost)  
  42  6:18  Probe (Chrono Boost)  
  45  6:26  Probe (Chrono Boost)  
  45  6:27  Probe (Chrono Boost)  
  45  6:32  Probe  
  46  6:34  Adept  
  46  6:35  Probe  
  50  6:44  Probe (Chrono Boost)  
  51  6:48  Gateway  
  51  6:50  Probe (Chrono Boost)  
  52  6:56  Probe (Chrono Boost)  
  54  7:01  Adept  
  54  7:04  Probe x2 (Chrono Boost)  
  54  7:07  Pylon  
  57  7:11  Probe  
  57  7:12  Probe  
  57  7:13  Nexus  
  57  7:15  Pylon  
  59  7:20  Twilight Council  
  59  7:23  Probe  
  59  7:24  Probe  
  59  7:27  Adept  
  63  7:35  Probe (Chrono Boost)  
  65  7:37  Forge  
  65  7:39  Probe (Chrono Boost)  
  65  7:43  Shield Battery  
  65  7:46  Assimilator  
  65  7:47  Probe (Chrono Boost)  
  65  7:50  Assimilator  
  67  7:52  Probe (Chrono Boost)  
  67  7:53  Probe (Chrono Boost)  
  68  8:00  Probe  
  68  8:01  Probe  
  68  8:03  Sentry  
  68  8:05  Charge (Chrono Boost)  
  72  8:09  Protoss Ground Weapons Level 1 (Chrono Boost)  
  73  8:13  Probe (Chrono Boost), Gateway  
  73  8:14  Gateway  
  73  8:15  Probe (Chrono Boost)  
  74  8:22  Gateway  
  74  8:25  Probe (Chrono Boost), Gateway  
  77  8:27  Probe (Chrono Boost)  
  77  8:30  Probe (Chrono Boost)  
  77  8:33  Stalker x2  
  77  8:34  Probe (Chrono Boost)  
  83  8:35  Probe (Chrono Boost)  
  83  8:38  Probe (Chrono Boost)  
  83  8:40  Probe x2 (Chrono Boost)  
  85  8:43  Pylon  
  86  8:48  Probe  
  86  8:52  Probe x2  
  86  8:53  Gateway  
  86  8:55  Gateway  
  89  9:00  Stalker x2  
  93  9:07  Pylon  
  93  9:09  Pylon  
  93  9:13  Nexus  
  93  9:16  Pylon  
  93  9:24  Zealot x5  
  103  9:31  Shield Battery  
  103  9:32  Zealot  
  103  9:33  Pylon  
  105  9:43  Probe x3  
  106  9:47  Zealot x4  
  114  9:55  Probe x3, Blink (Chrono Boost)  
  114  9:57  Pylon  
  117  10:07  Probe x3  
  117  10:13  Protoss Ground Weapons Level 2 (Chrono Boost)  
  120  10:19  Probe (Chrono Boost)  
  120  10:20  Probe x2 (Chrono Boost)  
  123  10:22  Templar Archives  
  123  10:25  Assimilator  
  123  10:27  Assimilator  
  124  10:29  Probe (Chrono Boost)  
  124  10:31  Probe (Chrono Boost)  
  124  10:32  Probe x2 (Chrono Boost)  
  124  10:34  Pylon  
  127  10:38  Probe x3 (Chrono Boost)  
  127  10:39  Probe (Chrono Boost), Psionic Storm  
  127  10:40  Assimilator  
  127  10:42  Assimilator  
  131  10:46  Probe x2, Gateway  
  131  10:47  Gateway  
  131  10:49  Probe  
  134  10:51  Pylon  
  134  10:52  Gateway  
  134  10:55  Photon Cannon  
  134  11:01  High Templar x4  
  142  11:11  Gateway  
  142  11:13  Gateway  
  142  11:14  Photon Cannon  
  142  11:15  High Templar x3  
  142  11:16  Photon Cannon  
  142  11:17  Shield Battery  
  148  11:20  Archon  
  148  11:28  Shield Battery  
  148  11:29  Shield Battery  
  148  11:31  Shield Battery  
  148  11:32  Gateway  
  148  11:33  Photon Cannon, Gateway  
  148  11:35  Photon Cannon  
  148  11:36  Photon Cannon  
  148  11:40  High Templar x4  
  148  11:44  Archon  
  148  11:45  Archon  
  156  11:47  Shield Battery  
  156  11:52  Photon Cannon  
  144  12:03  Gateway  
  144  12:06  High Templar x4  
  150  12:10  Archon  
  150  12:11  Archon  
  150  12:17  Forge  
  150  12:23  Photon Cannon  
  150  12:28  High Templar x2  
  150  12:29  Photon Cannon  
  146  12:30  Zealot x7  
  146  12:33  Archon  
  154  12:38  Protoss Ground Weapons Level 3 (Chrono Boost), High Templar  
  156  12:45  Photon Cannon  
  156  12:50  Stalker x7  
  152  13:06  Archon  
  152  13:08  Stalker x6  
  152  13:12  Probe x2  
  166  13:15  Stalker  
  166  13:16  Stalker x2  
  166  13:18  Probe  
  171  13:25  Archon  
  169  13:31  Stalker x2  
  171  13:37  Pylon x2  
  171  13:38  Stalker x5  
  157  13:52  Pylon  
  157  13:54  Pylon  
  151  14:02  Nexus, Stalker x4  
  159  14:04  Zealot  
  160  14:18  Nexus, Protoss Shields Level 1 (Chrono Boost)  
  160  14:29  High Templar x3  
  160  14:30  High Templar  
  168  14:33  Archon, Pylon  
  168  14:34  Archon  
  168  14:39  Shield Battery, Pylon  
  168  14:41  Shield Battery  
  168  14:45  High Templar  
  168  14:51  Assimilator  
  170  15:03  Shield Battery  
  170  15:05  Shield Battery, High Templar x3  
  164  15:07  Photon Cannon  
  164  15:09  Photon Cannon  
  160  15:23  Photon Cannon  
  160  15:25  Shield Battery  
  160  15:28  High Templar, Pylon  
  160  15:29  High Templar  
  160  15:31  Shield Battery  
  160  15:33  Archon  
  164  15:36  Probe x2  
  164  15:37  Assimilator  
  164  15:40  Stalker  
  164  15:41  Stalker x5  
  164  15:42  Assimilator  
  176  15:43  Zealot  
  176  15:46  Probe x2  
  176  15:47  Probe  
  165  16:00  Zealot  
  155  16:07  Zealot x9  
Show
View Real Time Build Order
Export as new Build Order

Lambo Zerg 

Build Orders: Hatch First 

Get SALT Encoding   

  12  0:00  Drone  
  13  0:12  Overlord  
  13  0:17  Drone  
  14  0:30  Drone x2  
  16  0:48  Hatchery  
  15  0:51  Drone  
  15  0:55  Drone  
  17  0:58  Drone  
  18  1:09  Extractor  
  17  1:13  Spawning Pool  
  17  1:18  Drone  
  17  1:21  Drone  
  18  1:27  Drone  
  19  1:41  Drone  
  20  1:49  Overlord  
  20  2:00  Queen  
  20  2:01  Zergling x4  
  26  2:11  Metabolic Boost  
  26  2:12  Zergling x2  
  26  2:14  Zergling x2  
  26  2:30  Hatchery  
  26  2:32  Zergling x4  
  27  2:39  Zergling x2  
  27  2:42  Zergling x2  
  29  2:46  Zergling x2  
  29  2:47  Zergling x2  
  32  2:55  Zergling x4  
  34  3:05  Zergling x4  
  35  3:17  Zergling x8  
  36  3:24  Zergling x2  
  36  3:26  Zergling x2  
  30  3:34  Zergling x2  
  30  3:36  Zergling x2  
  27  3:43  Zergling x2  
  27  3:47  Zergling x2  
  28  3:55  Zergling x2  
  29  3:58  Zergling x2  
  27  4:05  Zergling x2  
  27  4:08  Zergling x2  
  27  4:15  Zergling x2  
  26  4:19  Zergling x2  
  25  4:24  Zergling x2  
  25  4:30  Drone  
  25  4:31  Drone  
  25  4:34  Drone  
  27  4:39  Drone  
  27  4:45  Drone  
  29  4:49  Drone  
  27  4:53  Drone  
  27  4:58  Drone  
  27  5:00  Drone  
  27  5:03  Drone  
  29  5:07  Drone  
  29  5:10  Drone  
  29  5:13  Drone  
  32  5:20  Spore Crawler  
  30  5:24  Spore Crawler, Drone  
  30  5:27  Drone  
  31  5:29  Drone  
  31  5:32  Drone  
  31  5:34  Drone  
  34  5:40  Overlord  
  34  5:41  Drone  
  35  5:46  Overlord  
  35  5:49  Drone  
  36  5:55  Drone x2  
  36  5:59  Drone  
  36  6:02  Drone  
  38  6:06  Drone  
  38  6:15  Hatchery  
  38  6:17  Drone  
  38  6:19  Drone  
  38  6:21  Drone  
  38  6:23  Drone  
  41  6:27  Drone x2  
  41  6:31  Queen  
  45  6:33  Drone  
  45  6:36  Drone  
  45  6:39  Queen  
  47  6:44  Overlord  
  47  6:45  Drone  
  50  6:47  Drone  
  48  6:54  Drone x3  
  48  6:57  Overlord  
  51  7:01  Evolution Chamber  
  51  7:03  Overlord  
  51  7:06  Drone  
  51  7:08  Drone  
  52  7:16  Drone  
  52  7:17  Queen  
  52  7:20  Drone  
  56  7:25  Drone  
  56  7:28  Zerg Melee Weapons Level 1  
  56  7:29  Drone  
  56  7:30  Drone x2  
  56  7:32  Spore Crawler  
  56  7:34  Zergling x2  
  56  7:35  Zergling x2  
  59  7:42  Zergling x4  
  59  7:43  Zergling x2  
  62  7:44  Zergling x4  
  62  7:46  Drone  
  62  7:48  Zergling x2  
  66  7:53  Queen  
  66  7:55  Drone x5  
  71  7:59  Drone  
  71  8:02  Drone  
  72  8:10  Drone x2  
  74  8:13  Drone x3  
  74  8:14  Hatchery  
  74  8:17  Drone  
  74  8:19  Baneling Nest  
  76  8:20  Extractor  
  76  8:21  Drone  
  76  8:27  Lair  
  76  8:28  Drone x5  
  76  8:31  Drone  
  81  8:41  Extractor  
  81  8:44  Overlord  
  81  8:46  Drone x3  
  82  8:51  Drone  
  82  8:52  Overlord x2  
  81  8:56  Extractor  
  81  8:57  Overlord  
  80  9:05  Overlord  
  80  9:06  Zergling x16  
  88  9:11  Zergling x2  
  88  9:14  Baneling x2  
  88  9:15  Baneling  
  88  9:16  Zergling x2, Baneling x3  
  90  9:19  Evolution Chamber  
  90  9:21  Zergling x4  
  91  9:27  Drone x2  
  93  9:33  Drone x5  
  93  9:34  Hydralisk Den  
  93  9:37  Drone x4  
  99  9:39  Drone  
  99  9:44  Drone x2  
  100  9:46  Hydralisk Den  
  100  9:49  Zergling x8  
  100  9:51  Queen  
  103  9:53  Zergling x4  
  103  9:56  Baneling x2  
  105  10:01  Spine Crawler  
  105  10:02  Zergling x2, Baneling x4  
  105  10:03  Zergling x10, Spine Crawler  
  105  10:05  Zergling x6, Extractor  
  110  10:09  Zergling x4  
  106  10:14  Drone  
  106  10:17  Drone x4  
  106  10:20  Muscular Augments  
  106  10:21  Hydralisk x2  
  108  10:26  Hydralisk  
  114  10:30  Overlord  
  114  10:31  Overlord  
  114  10:32  Overlord  
  114  10:37  Zerg Melee Weapons Level 2, Hydralisk x2  
  114  10:39  Zergling x2, Baneling  
  114  10:40  Zergling x4  
  114  10:41  Drone  
  122  10:45  Drone x3  
  122  10:46  Spore Crawler  
  122  10:47  Grooved Spines  
  122  10:48  Zergling x2  
  125  10:50  Drone x2  
  125  10:54  Drone  
  125  10:56  Drone x3  
  131  10:57  Centrifugal Hooks  
  131  10:59  Zergling x8  
  131  11:01  Drone  
  131  11:02  Drone  
  137  11:06  Drone x2  
  137  11:09  Hydralisk  
  137  11:10  Hydralisk x2  
  145  11:12  Extractor  
  145  11:14  Hydralisk  
  145  11:15  Hydralisk  
  145  11:17  Zergling x8  
  151  11:18  Baneling  
  151  11:25  Overlord x3  
  151  11:28  Overlord  
  151  11:33  Hatchery, Overlord  
  151  11:38  Overlord  
  149  11:41  Hydralisk  
  149  11:43  Hydralisk x6  
  149  11:46  Zergling x4  
  165  11:53  Zergling x8, Hydralisk x2  
  169  11:58  Zergling x12  
  173  12:03  Zergling x10  
  173  12:08  Zergling x6  
  181  12:11  Baneling x7  
  181  12:12  Zergling x6  
  181  12:13  Baneling x3  
  184  12:18  Hydralisk x2  
  184  12:19  Zergling x2  
  187  12:24  Zergling x10  
  187  12:27  Zergling x8  
  194  12:31  Baneling x10  
  194  12:32  Drone  
  194  12:33  Drone  
  194  12:36  Zergling x8  
  199  12:39  Zergling x2  
  199  12:41  Baneling x4  
  200  12:49  Zergling x2  
  198  12:53  Zerg Missile Weapons Level 1, Overlord  
  198  12:58  Zergling x10  
  197  13:01  Zergling x6  
  197  13:03  Zergling x18  
  191  13:09  Zergling x16  
  194  13:13  Baneling x12  
  187  13:20  Zergling x14  
  187  13:22  Zergling x4  
  187  13:26  Zergling x4  
  182  13:30  Zergling x14  
  182  13:33  Zergling x2  
  182  13:39  Hydralisk x4  
  169  13:47  Zergling x2  
  169  13:48  Zergling x12  
  148  13:50  Hydralisk  
  148  13:55  Hydralisk x4  
  129  13:58  Zergling x6  
  129  14:00  Zergling x4  
  129  14:01  Zergling x2  
  129  14:02  Baneling x3  
  141  14:04  Zergling x2  
  141  14:07  Zergling x6  
  141  14:09  Baneling x6  
  143  14:12  Hydralisk  
  141  14:17  Hydralisk x2  
  141  14:19  Zergling x6  
  141  14:20  Baneling  
  146  14:32  Hydralisk x3, Hatchery  
  146  14:35  Zergling x4  
  146  14:37  Drone  
  154  14:42  Zergling x10  
  159  14:47  Zergling x12  
  159  14:49  Hydralisk  
  167  14:58  Hydralisk x4  
  174  15:02  Hydralisk, Drone  
  174  15:04  Hydralisk  
  176  15:07  Baneling  
  176  15:08  Baneling x7  
  176  15:09  Hydralisk  
  165  15:15  Hydralisk  
  165  15:16  Hydralisk x2  
  165  15:20  Hydralisk x2  
  166  15:27  Zergling x12  
  166  15:28  Baneling x3  
  172  15:30  Zergling x4  
  172  15:32  Zergling x2  
  172  15:33  Zergling x2  
  176  15:35  Zergling x2  
  176  15:36  Zergling x4  
  176  15:40  Zergling x8  
  170  15:45  Hydralisk x2  
  170  15:48  Drone x2  
  170  15:49  Drone  
  177  15:50  Drone  
  177  15:52  Zergling x6  
  177  15:55  Zergling x6  
Tags
 
Add a new tag
Caveats
  • Supply blocks, unpowered buildings, or Contaminate may cause inaccurate times.
  • Supply counts are checked every 10 seconds.